 Dungeon Sprint DCSS version 0.31-a0-845-g9abc20d24f (webtiles) character file.

Game seed: 14563903603853537472

7 Heoruswealwe the Ruffian (level 1, -1/17 HPs)
             Began as a Demigod Shapeshifter on Oct 2, 2023.
             Slain by an iguana (10 damage)
             ... in the Dungeon (Sprint IX: "|||||||||||||||||||||||||||||").
             The game lasted 00:03:15 (118 turns).

Heoruswealwe the Ruffian (Demigod Shapeshifter)      Turns: 118, Time: 00:03:15

Health: -1/17      AC:  2    Str: 15    XL:     1   Next: 73%
Magic:  3/3        EV: 12    Int: 12    God:
Gold:   0          SH:  0    Dex: 13    Spells: 0/0 levels left

rFire   . .          .
                       - Unarmed
rCold   . . .        (no shield)
rNeg    . . .        a - +0 animal skin
rPois   .            (helmet currently unavailable)
rElec   .            (cloak currently unavailable)
rCorr   .            (gloves currently unavailable)
SInv    .            (boots currently unavailable)
Will    .....        (no amulet)
Stlth   +            (no ring)
HPRegen 0.22/turn    (no ring)
MPRegen 0.08/turn

%: no teleportation
@: beast-form
A: beast (slay +1), high MP 1, forlorn, divine attributes
a: Begin Untransformation


You were in the Dungeon.
You were a hulking beast.
You visited 1 branch

Inventory:

Armour
 a - a +0 animal skin (worn)
Talismans
 c - a beast talisman (active)
 d - a flux talisman
Scrolls
 j - a scroll of blinking
Potions
 b - a potion of lignification
 e - a potion of curing
 f - a potion of heal wounds
 g - a potion of haste
 h - 2 potions of magic
 i - a potion of berserk rage


   Skills:
 + Level 1.8 Fighting
 + Level 2.4 Dodging
 + Level 3.2 Unarmed Combat
 + Level 3.1 Shapeshifting


You couldn't memorise any spells.
You didn't know any spells.
Your spell library was empty.

Dungeon Overview and Level Annotations

Branches:
Dungeon (1/1)


Innate Abilities, Weirdness & Mutations

You are a hulking beast.
Your limbs bulge with bestial killing power. (Slay +1)
You have an increased reservoir of magic. (+10% MP)
You shall have no god before yourself.
Your divine heritage dramatically boosts your attributes as you level up.


Message History

You hit the orc but do no damage.
The orc is moderately wounded.
The orc barely misses you.
You barely miss the orc.
The orc is moderately wounded.
The orc hits you with a +0 whip.
You hit the orc.
The orc is heavily wounded.
The orc hits you with a +0 whip.
You closely miss the orc.
The orc is heavily wounded.
The orc closely misses you.
You barely miss the orc.
The orc is heavily wounded.
The orc closely misses you.
You hit the orc.
You kill the orc!
You barely miss the iguana. The iguana bites you.
You completely miss the iguana. The iguana closely misses you.
You barely miss the iguana. The iguana barely misses you.
You barely miss the iguana. You hit the iguana but do no damage.
You punch the iguana, but do no damage. The iguana misses you.
You closely miss the iguana. The iguana barely misses you.
You closely miss the iguana. The iguana misses you.
You hit the iguana but do no damage. The iguana closely misses you.
You hit the iguana.
The iguana is lightly wounded.
The iguana barely misses you.
You closely miss the iguana.
The iguana is lightly wounded.
The iguana barely misses you.
You hit the iguana.
The iguana is lightly wounded.
The iguana closely misses you.
You closely miss the iguana.
The iguana is lightly wounded.
The iguana bites you!
Ouch! That really hurt!
You die... ▓▓▓▓▓▓▓▓▓▓▓▓▓▓▓▓▓▓ ▓<...)†...hllcl..+ ▓▓▓▓▓▓▓▓▓▓▓▓▓▓▓▓▓▓

You could see a centaur and 3 iguanas.

Vanquished Creatures
  An orc (D)
  An endoplasm (D)
  A goblin (D)
  A quokka (D)
  A bat (D)
  A rat (D)
6 creatures vanquished.

Notes
Turn   | Place    | Note
-------+----------+-------------------------------------------
     0 | D        | Heoruswealwe the Demigod Shapeshifter began the quest for
                  | the Orb.
     0 | D        | Reached XP level 1. HP: 15/15 MP: 3/3
    52 | D        | Reached skill level 1 in Fighting
    94 | D        | Noticed an iguana
    94 | D        | Noticed an iguana
    94 | D        | Noticed a centaur
    94 | D        | Noticed an iguana
   118 | D        | Slain by an iguana

Illustrated notes

Levels and vault maps discovered:
D:        linesprint [early_d, line_temple, items_1, d_10, items_2, lair_1,
          lair_end, items_3, orc_1, orc_end, items_4, d_15, swamp_1, shoals_1,
          snake_1, spider_1, d_20, vaults_1, items_5, swamp_end, shoals_end,
          snake_end, spider_end, vaults_end, d_27, items_6, zot_1, zot_end,
          crypt_end, forest_end, elf_end, slime_end, tomb_end, abyss_end,
          pan_hell_end]

Skill      XL: |  1 |
---------------+----+-----
Fighting       | 1 |  1.8
Dodging        | 2 |  2.4
Unarmed Combat | 3 |  3.2
Shapeshifting  | 3 |  3.1

Action                     || total
---------------------------++-------
  Melee: Unarmed           ||    36
         Punch             ||     1
Ability: Begin Untransform ||     2
 Armour: Animal skin       ||     9
  Dodge: Dodged            ||    24
   Form: Beast             ||     1
         Flux              ||     1

Table legend: (Time is in decaauts)
 A = Elapsed time spent in this place.
 B = Non-inter-level travel time spent in this place.
 C = Inter-level travel time spent in this place.
 D = Time resting spent in this place.
 E = Time spent auto-exploring this place.
 F = Levels seen in this place.
 G = Mean time per level.
                   A        B        C        D        E       F      G
               +--------+--------+--------+--------+--------+-----+--------+
         Total |    116 |    116 |      0 |     51 |      0 |   1 |  116.0 |
       Dungeon |    116 |    116 |      0 |     51 |      0 |   1 |  116.0 |
               +--------+--------+--------+--------+--------+-----+--------+

Top non-repeatable levels by time:
       D: 116 daAuts
